 Dungeon Crawl Stone Soup version 0.21-a0-426-g98080a9 (webtiles) character file.

744 Ijustatesigmund the Sneak (level 7, -4/45 HPs)
             Began as an Octopode Enchanter on Nov 6, 2017.
             Incinerated by graki42's ghost (6 damage)
             ... with a sticky flame
             ... on level 6 of the Dungeon on Nov 7, 2017.
             The game lasted 00:14:39 (5452 turns).

Ijustatesigmund the Sneak (Octopode Enchanter)      Turns: 5452, Time: 00:14:40

Health: -4/45      AC:  1    Str:  8    XL:     7   Next: 76%
Magic:  12/12      EV: 15    Int: 17    God:
Gold:   308        SH:  3    Dex: 14    Spells: 10/13 levels left

rFire    . . .     SeeInvis .   a - +2 dagger
rCold    + . .     Gourm    .   (no shield)
rNeg     . . .     Faith    .   (helmet restricted)
rPois    +         Spirit   .   e - +3 amulet of reflection
rElec    .         Reflect  +   g - ring of poison resistance
rCorr    .         Harm     .   s - ring of protection from cold
MR       .....                  (no ring)
Stlth    ++........             (no ring)
HPRegen  0.15/turn              (no ring)
MPRegen  0.13/turn              (no ring)
                                (no ring)
                                (no ring)

@: liquid flames, glowing
A: almost no armour, stealthy swim, amphibious, 8 rings, constrict 8, camouflage
1, gelatinous body 1
a: no special abilities


You were on level 6 of the Dungeon.
You were not hungry.

You visited 1 branch of the dungeon, and saw 6 of its levels.

You collected 308 gold pieces.

Inventory:

Hand Weapons
 a - a +2 dagger (weapon)
 n - a +0 rapier
Armour
 u - a +0 shield
Jewellery
 e - a +3 amulet of reflection (around mantle)
 g - a ring of poison resistance (left tentacle)
 s - a ring of protection from cold (right tentacle)
Wands
 r - a wand of acid (8/15)
 x - a wand of random effects (24/48)
Scrolls
 d - 5 scrolls of remove curse
 h - 2 scrolls of magic mapping
 o - a scroll of immolation
 p - a scroll of enchant weapon
 w - a scroll of recharging
Potions
 i - a potion of magic
 j - a potion of heal wounds
 k - a potion of invisibility
 l - a potion of ambrosia
 q - 3 potions of haste
 t - a potion of curing
 v - a potion of agility {unknown}
Books
 b - a book of Maledictions

   Spells                             Type                      Level
   a - Corona                         Hexes                        1
   b - Ensorcelled Hibernation        Hexes/Ice                    2
   c - Confuse                        Hexes                        3
   d - Tukima's Dance                 Hexes                        3
   e - Dazzling Spray                 Conjuration/Hexes            3
Comestibles
 c - 3 bread rations
 f - a royal jelly
 m - a meat ration


   Skills:
 - Level 2.2 Fighting
 + Level 3.7 Short Blades
 - Level 3.7 Dodging
 + Level 6.4 Stealth
 + Level 3.8 Spellcasting
 - Level 3.0 Hexes
 - Level 3.1 Ice Magic


You had 10 spell levels left.
You knew the following spells:

 Your Spells              Type           Power        Failure   Level  Hunger
a - Corona                Hex            ##.....      4%          1    None
b - Ensorcelled Hibernat  Hex/Ice        ##....       7%          2    ##.....


Dungeon Overview and Level Annotations

Branches:
Dungeon (6/15)
 Temple: D:4-7

Altars:
Ashenzari

Shops:
D:5 [

Annotations:
D:4 tof's ghost, amateur MiBe
D:5 graki42's ghost, amateur DEFE


Innate Abilities, Weirdness & Mutations

You cannot wear most types of armour.
You are very stealthy in the water. (Stealth+)
You are amphibious.
You can wear up to eight rings at the same time.
You can use your tentacles to constrict eight enemies at once.
Your skin changes colour to match your surroundings (Stealth+).
Your rubbery body absorbs attacks. (AC +1, EV +1)


Message History

You climb downwards.
Found 13 gold pieces.
There is a stone staircase leading up here.
You start waiting.
A jelly comes into view.
You climb upwards.
Level annotation: graki42's ghost, amateur DEFE Graki42's ghost sprays you with burning goo.
The sticky flame hits you!
You are covered in liquid flames!
Graki42's ghost hits you!
There is a stone staircase leading down here.
You are covered in liquid flames!
Graki42's ghost hits you!
You climb downwards.
You are covered in liquid flames!
* * * LOW HITPOINT WARNING * * *
There is a stone staircase leading up here.
You are covered in liquid flames!
You die...

.. .. .# .#
.# .#
#.####.#
#...@<.#
##..###....#
..... .....
....... ..##
....... ...
.$..... ..
....... .
.#....#


There were no monsters in sight!

Vanquished Creatures
  2 ogres (D:5)
  A centaur (D:4)
  A bullfrog zombie (D:5)
  A hound (D:5)
  4 orc wizards
  An iguana (D:5)
  Natasha (D:3)
  A worker ant (D:4)
  Robin (D:3)
  3 gnolls (D:4)
  9 adders
  2 worms (D:2)
  A dart slug (D:5)
  3 leopard geckos
  16 orcs
  4 giant cockroaches
  16 goblins
  12 hobgoblins
  2 jackals (D:2)
  10 kobolds
  2 quokkas
  2 ball pythons
  8 bats
  7 frilled lizards
  4 rats (D:1)
114 creatures vanquished.

Notes
Turn   | Place    | Note
-------+----------+-------------------------------------------
     0 | D:1      | Ijustatesigmund the Octopode Enchanter began the quest for the Orb.
     0 | D:1      | Reached XP level 1. HP: 11/11 MP: 3/3
    20 | D:1      | Found a shattered altar of Ashenzari.
   286 | D:1      | Reached XP level 2. HP: 17/17 MP: 5/5
   453 | D:1      | Learned a level 2 spell: Ensorcelled Hibernation
   899 | D:1      | Reached XP level 3. HP: 16/21 MP: 6/6
  1042 | D:1      | Reached skill level 1 in Ice Magic
  2088 | D:2      | Reached XP level 4. HP: 27/27 MP: 7/7
  2122 | D:2      | Reached skill level 1 in Fighting
  2811 | D:3      | Noticed Natasha
  2813 | D:3      | Killed Natasha
  2813 | D:3      | Reached XP level 5. HP: 33/34 MP: 8/8
  3617 | D:4      | Noticed a centaur
  3623 | D:4      | Killed a centaur
  3623 | D:4      | Reached XP level 6. HP: 21/39 MP: 0/9
  3849 | D:4      | Noticed Robin
  4092 | D:3      | Killed Robin
  4158 | D:4      | Noticed tof's ghost (amateur MiBe)
  4177 | D:5      | Entered Level 5 of the Dungeon
  4183 | D:5      | Found Gucwuhaa's Armour Boutique.
  4183 | D:5      | Noticed a phantom
  4186 | D:5      | Reached skill level 5 in Stealth
  4872 | D:5      | Reached XP level 7. HP: 43/45 MP: 8/11
  5046 | D:5      | Reached skill level 6 in Stealth
  5124 | D:5      | Noticed graki42's ghost (amateur DEFE)
  5451 | D:6      | HP: 2/45 [burnt (13)]
  5452 | D:6      | Incinerated by graki42's ghost

Vault maps used:
D:1:      lightli_iron_boxes, minmay_hexomino_r4
D:2:      minivault_27, minmay_mini_jars
D:3:      kennysheep_big_flooded_room, uniq_natasha
D:4:      uniq_robin
D:5:      minmay_temple_entry_poolview, first_bread, serial_shops, shop,
          uniq_crazy_yiuf_cottage, uniq_eustachio
D:6:      elyvilon_altar_3, serial_shops, nicolae_shop_overgrown_old_shop,
          uniq_prince_ribbit1, uniq_grinder

Skill      XL: |  1  2  3  4  5  6  7 |
---------------+----------------------+-----
Short Blades   | 2 3 |  3.7
Ice Magic      | 1 2 3 |  3.1
Dodging        | 3 |  3.7
Fighting       | 1 2 |  2.2
Stealth        | 5 6 |  6.4
Spellcasting   | 3 |  3.8
Hexes          | |  3.0

Action                   |  1- 3 |  4- 6 |  7- 9 || total
-------------------------+-------+-------+-------++-------
Melee: Dagger            |    82 |   132 |    30 ||   244
       Constrict         |    20 |    28 |     4 ||    52
       Tentacles         |     9 |    16 |     2 ||    27
 Cast: Corona            |     2 |     3 |       ||     5
       Ensorcelled Hiber |       |    22 |     5 ||    27
  Use: Scroll            |    10 |     7 |       ||    17
 Stab: Sleeping          |    10 |    28 |    10 ||    48
  Eat: Chunk             |     3 |     9 |     2 ||    14
       Fruit             |       |     2 |       ||     2
Armor: Skin              |     9 |     4 |     1 ||    14
Dodge: Dodged            |    39 |    76 |     9 ||   124
Block: Other             |     6 |    11 |     1 ||    18

Table legend:
 A = Spawn XP
 B = Non-spawn XP
 C = Spawn XP percentage of total XP
 D = Spawn monster count
 E = Non-spawn monster count
 F = Spawn count percentage of total count
 G = Total turns spent on level
                    A         B        C        D         E        F      G
               +---------+---------+-------+---------+---------+-------+---------
         Total |       0 |    1064 |   0.0 |       0 |     114 |   0.0 |  5452
               +---------+---------+-------+---------+---------+-------+---------
           D:1 |       0 |      46 |   0.0 |       0 |      30 |   0.0 |  1442
           D:2 |       0 |      79 |   0.0 |       0 |      23 |   0.0 |  1232
           D:3 |       0 |     177 |   0.0 |       0 |      31 |   0.0 |  1287
           D:4 |       0 |     210 |   0.0 |       0 |      10 |   0.0 |   706
           D:5 |       0 |     552 |   0.0 |       0 |      20 |   0.0 |   773
               +---------+---------+-------+---------+---------+-------+---------
